 Dungeon Crawl Stone Soup version 0.31-a0-259-g771a54ca4b (webtiles) character file.

Game seed: 4954575063565346629

473 qw the Shooter (level 6, -15/55 HPs)
             Began as a Minotaur Hexslinger on July 13, 2023.
             Demolished by an ogre
             ... wielding a +0 giant spiked club
              (30 damage)
             ... on level 5 of the Dungeon.
             The game lasted 00:01:28 (4058 turns).

qw the Shooter (Minotaur Hexslinger)                Turns: 4058, Time: 00:01:29

Health: -15/55     AC:  5    Str: 13    XL:     6   Next: 83%
Magic:  6/6        EV: 11    Int: 10    God:
Gold:   273        SH:  0    Dex: 14    Spells: 6/7 levels left

rFire   . . .        Y - +2 sling
rCold   . . .        (no shield)
rNeg    . . .        e - +0 ring mail
rPois   .            (helmet restricted)
rElec   .            (no cloak)
rCorr   .            (no gloves)
SInv    .            (no boots)
Will    .....        (no amulet)
Stlth   +            (no ring)
HPRegen 0.29/turn    (no ring)
MPRegen 0.10/turn

%: no passive effects
@: no status effects
A: horns 2, retaliatory headbutt, mutation resistance 1
a: no special abilities


You were on level 5 of the Dungeon.
You visited 1 branch of the dungeon, and saw 5 of its levels.

You collected 273 gold pieces.


Innate Abilities, Weirdness & Mutations

You have a pair of horns on your head.
You reflexively headbutt those who attack you in melee.
You are somewhat resistant to further mutation.


   Skills:
 - Level 4.8 Fighting
 + Level 6.6 Ranged Weapons
 - Level 1.4 Armour
 - Level 2.1 Dodging
 - Level 1.0 Spellcasting
 - Level 2.0 Hexes


You had 6 spell levels left.
You knew the following spells:

 Your Spells              Type           Power      Damage    Failure   Level
a - Slow                  Hex            16%        N/A       32%         1

Your spell library contained the following spells:

 Spells                   Type           Power      Damage    Failure   Level
 Inner Flame              Hex/Fire       2%         N/A       82%         3
 Portal Projectile        Hex/Tloc       4%         N/A       82%         3
 Cause Fear               Hex            2%         N/A       97%         4

Inventory:

Hand Weapons
 Y - a +2 sling (weapon)
Armour
 e - a +0 ring mail (worn)
Scrolls
 a - a scroll of identify
Potions
 b - a potion of mutation
 c - a potion of attraction {unknown}
 f - a potion of degeneration {unknown}
 i - a potion of invisibility {unknown}
 j - a potion of haste
 k - 2 potions of curing

Dungeon Overview and Level Annotations

Branches:
Dungeon (5/15)
 Temple: D:4-7

Altars:
Wu Jian
Yredelemnul
The Shining One


Message History

You shoot a sling bullet. The sling bullet hits the jelly.
You kill the jelly!
Found 4 stones.
You see here a wand of iceblast (8).
There is a stone staircase leading down here.
You now have 273 gold pieces (gained 13).
Found a falchion.
Enter note: A dart slug comes into view.
Enter note: You shoot a sling bullet.
The sling bullet hits the dart slug!
The dart slug is almost dead.
An ogre comes into view. It is wielding a +0 giant spiked club.
You shoot a sling bullet. The sling bullet hits the ogre.
The ogre is lightly wounded.
You shoot a sling bullet.
The sling bullet hits the ogre but does no damage.
The ogre is lightly wounded.
The ogre hits you with a +0 giant spiked club!!
You shoot a sling bullet. The sling bullet hits the ogre.
The ogre is lightly wounded.
The dart slug launches a dart at you. The slug dart hits you.
You shoot a sling bullet. The sling bullet hits the ogre.
The ogre is moderately wounded.
The ogre hits you but does no damage.
You shoot a sling bullet. The sling bullet hits the ogre.
The ogre is moderately wounded.
The ogre hits you with a +0 giant spiked club!
You shoot a sling bullet. The sling bullet hits the dart slug.
You kill the dart slug!
The ogre hits you with a +0 giant spiked club!
You shoot a sling bullet.
The sling bullet hits the ogre but does no damage.
The ogre is moderately wounded.
You shoot a sling bullet.
The sling bullet barely misses the ogre.
The ogre hits you with a +0 giant spiked club!!
Ouch! That really hurt!
You die...

### ... #.#
#.. #.# ##O#
##@##
####...# #.
#....##.#.#
#.#### #..#
###.### #..#
#.....# #..#
#.....# #...
#.....#
#.###########
#.....#
#...........#


You could see an ogre.

Vanquished Creatures
  A black bear (D:4)
  A vampire bat (D:3)
  A jelly (D:5)
  An orc priest (D:3)
  2 orc wizards (D:4)
  5 gnolls
  9 adders
  2 worms
  4 dart slugs
  6 orcs
  9 ball pythons
  9 bats
  8 endoplasms
  3 giant cockroaches
  4 goblins
  12 hobgoblins
  3 jackals (D:2)
  2 quokkas
  4 frilled lizards
  8 kobolds
  5 rats
99 creatures vanquished.

Notes
Turn   | Place    | Note
-------+----------+-------------------------------------------
     0 | D:1      | qw the Minotaur Hexslinger began the quest for the Orb.
     0 | D:1      | Reached XP level 1. HP: 16/16 MP: 1/1
     0 | D:1      | 0 ||| qw: Version: 0.3-a-52-g30416fa
     0 | D:1      | 0 ||| qw: Game counter: 6893
     0 | D:1      | 0 ||| qw: Melee chars always use a shield: true
     0 | D:1      | 0 ||| qw: God list: Okawaru
     0 | D:1      | 0 ||| qw: Allow faded altars: false
     0 | D:1      | 0 ||| qw: Do Orc after clearing Dungeon:15 true
     0 | D:1      | 0 ||| qw: Do second Lair branch before Depths: true
     0 | D:1      | 0 ||| qw: Lair rune preference: random
     0 | D:1      | 0 ||| qw: Goals: Normal
     0 | D:1      | 0 ||| PLANNING D:1-11
    17 | D:1      | Reached skill level 3 in Ranged Weapons
    69 | D:1      | Reached XP level 2. HP: 23/23 MP: 2/2
   108 | D:1      | 108 ||| UPGRADING to +0 ring mail.
   158 | D:1      | 158 ||| UPGRADING to +0 robe.
   163 | D:1      | 163 ||| UPGRADING to +0 ring mail.
   177 | D:1      | 177 ||| DROPPING +0 robe.
   227 | D:1      | Reached XP level 3. HP: 29/29 MP: 3/3
   380 | D:1      | Found a faded altar of an unknown god.
   469 | D:1      | 469 ||| DROPPING +6 ring of intelligence.
   470 | D:1      | 470 ||| READING scroll labelled JIOSOL OPPUR.
   471 | D:1      | 471 ||| DROPPING scroll of poison.
   560 | D:2      | Reached skill level 4 in Ranged Weapons
   685 | D:2      | Reached skill level 1 in Armour
   702 | D:2      | Reached XP level 4. HP: 35/36 MP: 4/4
  1304 | D:2      | 1304 ||| READING scroll labelled FITEOM BOIFA.
  1305 | D:2      | 1305 ||| READING scroll labelled NOAGAF IDWAUG.
  1306 | D:2      | 1306 ||| READING scroll labelled PASUOF DAYKHLAI.
  1307 | D:2      | 1307 ||| READING scroll labelled COFUKHL XOLYFU.
  1361 | D:3      | Found a glowing golden altar of the Shining One.
  1474 | D:3      | Reached skill level 5 in Ranged Weapons
  1889 | D:3      | Reached skill level 3 in Fighting
  1889 | D:3      | Reached XP level 5. HP: 44/45 MP: 5/5
  2147 | D:3      | 2147 ||| READING scroll labelled DUF EZENIMUUC.
  2148 | D:3      | 2148 ||| READING scroll labelled ZUWOUN DAUQAX.
  2151 | D:3      | 2151 ||| DRINKING 2 ruby potions.
  2151 | D:3      | Gained mutation: You are somewhat resistant to further
                  | mutation. [potion of mutation]
  2152 | D:3      | 2152 ||| DRINKING 2 blue potions.
  2153 | D:3      | 2153 ||| READING 3 scrolls of identify.
  2153 | D:3      | 2153 ||| IDENTIFYING silvery potion
  2154 | D:3      | 2154 ||| READING 2 scrolls of identify.
  2154 | D:3      | 2154 ||| IDENTIFYING viscous brown potion
  2155 | D:3      | 2155 ||| DROPPING potion of ambrosia.
  2156 | D:3      | 2156 ||| DROPPING potion of lignification.
  2165 | D:4      | 2165 ||| STAIRDANCE
  2257 | D:4      | 2257 ||| STAIRDANCE
  2465 | D:4      | HP: 6/45 [something/magic dart (8)]
  2473 | D:4      | Reached skill level 6 in Ranged Weapons
  2473 | D:4      | Reached XP level 6. HP: 4/51 MP: 6/6
  2900 | D:4      | HP: 12/52 [black bear (3)]
  2903 | D:4      | HP: 4/52 [black bear (3)]
  3171 | D:4      | Found an ornate altar of the Wu Jian Council.
  3690 | D:4      | 3690 ||| READING scroll labelled PODDUO ENIHU.
  3691 | D:4      | 3691 ||| DRINKING 2 smoky brown potions.
  3692 | D:4      | 3692 ||| DRINKING 3 fuming golden potions.
  3718 | D:5      | Entered Level 5 of the Dungeon
  3757 | D:5      | Found a basalt altar of Yredelemnul.
  3780 | D:5      | HP: 8/55 [gnoll/+0 spear (6)]
  3781 | D:5      | 3781 ||| READING scroll of teleportation.
  3782 | D:5      | 3782 ||| DRINKING potion of heal wounds.
  4058 | D:5      | Demolished by an ogre

Levels and vault maps discovered:
D:1:      saegor_arrival_miasma, layout_rooms, ebering_ecumenical_altar_hall,
          nicolae_concentric_dashed_squares_wild
D:2:      layout_loops_ring, ebering_dispersal_statue_hall,
          chequers_serial_rivers_large_b
D:3:      layout_loops_ring, mainiacjoe_overflow_tiny_flanked, roderic_batcave,
          feat_on_display
D:4:      layout_layer_cave, mainiacjoe_overflow_paths, grunt_ministairs_2
D:5:      layout_loops_ring, kennysheep_mini_moat,
          minmay_temple_entry_enclosed_plants, serial_shops, shop

Skill      XL: |  1  2  3  4  5  6 |
---------------+-------------------+-----
Ranged Weapons | 3 4 5 6 |  6.6
Fighting       | 2 3 4 |  4.8
Armour         | 1 |  1.4
Dodging        | |  2.1
Spellcasting   | |  1.0
Hexes          | |  2.0

Action                     |  1- 3 |  4- 6 || total
---------------------------+-------+-------++-------
   Fire: Sling             |    86 |   239 ||   325
    Use: Scroll            |     1 |    10 ||    11
         Potion            |       |     5 ||     5
 Armour: Ring mail         |     9 |    71 ||    80
         Robe              |     1 |       ||     1
  Dodge: Dodged            |    19 |   102 ||   121

Table legend:
 A = Non-vault XP
 B = Vault XP
 C = Vault XP percentage of total XP
 D = Non-vault monster count
 E = Vault monster count
 F = Vault count percentage of total count
                 A         B        C        D         E       F
            +---------+---------+-------+---------+---------+-------
      Total |     594 |      82 |  12.1 |      89 |      10 |  10.1
            +---------+---------+-------+---------+---------+-------
        D:1 |      57 |       0 |   0.0 |      27 |       0 |   0.0
        D:2 |      76 |       0 |   0.0 |      21 |       0 |   0.0
        D:3 |     110 |      64 |  36.8 |      15 |       8 |  34.8
        D:4 |     247 |      18 |   6.8 |      20 |       2 |   9.1
        D:5 |     104 |       0 |   0.0 |       6 |       0 |   0.0
            +---------+---------+-------+---------+---------+-------
